 Dungeon Crawl Stone Soup version 0.18-a0-1390-gc02854d (webtiles) character file.

13 Ratboiler the Sneak (level 2, 0/27 HPs)
             Began as a Naga Wanderer on Feb 22, 2016.
             Slain by a hobgoblin (1 damage)
             ... on level 1 of the Dungeon.
             The game lasted 00:02:04 (583 turns).

Ratboiler the Sneak (Naga Wanderer)                  Turns: 583, Time: 00:02:04

Health: 0/27       AC:  1    Str: 14    XL:     2   Next: 37%
Magic:  6/6        EV:  9    Int: 10    God:
Gold:   36         SH:  0    Dex: 12    Spells: 0 memorised, 7 levels left

rFire  . . .     SeeInvis +     a - +0 club
rCold  . . .     Gourm    .     c - +0 robe
rNeg   . . .     Faith    .     (no shield)
rPois  +         Spirit   .     (no helmet)
rElec  .         Dismiss  .     (no cloak)
rCorr  .         Reflect  .     (no gloves)
SustAt .         Harm     .     (no barding)
MR     .....                    (no amulet)
Stlth  ++........               (no ring)
                                (no ring)

@: very slow, not resistant to hostile enchantments, unstealthy
A: see invisible, deformed body, poison resistance, slowness 2, slow metabolism
1, spit poison 2, AC +0
a: Spit Poison


You were on level 1 of the Dungeon.
You were not hungry.

You visited 1 branch of the dungeon, and saw 1 of its levels.

You collected 36 gold pieces.

Inventory:

Hand Weapons
 a - a +0 club (weapon)
 b - a +0 hunting sling
 e - a +0 dagger
Missiles
 i - 58 sling bullets
Armour
 c - a +0 robe (worn)
Potions
 h - 2 potions of lignification
Books
 d - a book of Minor Magic

   Spells                             Type                      Level
   a - Magic Dart                     Conjuration                  1
   b - Blink                          Translocation                2
   c - Call Imp                       Summoning                    2
   d - Repel Missiles                 Charms/Air                   2
   e - Slow                           Hexes                        2
   f - Conjure Flame                  Conjuration/Fire             3
   g - Mephitic Cloud                 Conjuration/Poison/Air       3
Comestibles
 f - a bread ration
 g - a slice of pizza


   Skills:
 + Level 2.3 Fighting
 - Level 1.0 Maces & Flails
 - Level 1.0 Armour
 - Level 3.0 Stealth
 - Level 3.0 Spellcasting
   Level 2.0 Hexes


You had 7 spell levels left.
You didn't know any spells.

Dungeon Overview and Level Annotations

Branches:
Dungeon (1/15)

Altars:
Ashenzari


Innate Abilities, Weirdness & Mutations

You cannot wear boots.
Your serpentine skin is tough (AC +0).
You have supernaturally acute eyesight.
Armour fits poorly on your strangely shaped body.
Your system is resistant to poisons.
You cover ground very slowly.
You have a slow metabolism.
You can spit poison.


Message History

You are too injured to fight recklessly!
The hobgoblin hits you with a club. The hobgoblin barely misses you.
The hobgoblin barely misses you. The hobgoblin hits you.
You are too injured to fight recklessly!
You are too injured to fight recklessly!
You closely miss the hobgoblin. The hobgoblin hits you.
You barely miss the hobgoblin. The hobgoblin hits you.
You hit the hobgoblin.
The hobgoblin is moderately wounded.
The hobgoblin hits you.
* * * LOW HITPOINT WARNING * * *
The hobgoblin hits you.
* * * LOW HITPOINT WARNING * * *
You closely miss the hobgoblin. The hobgoblin hits you.
* * * LOW HITPOINT WARNING * * *
You closely miss the hobgoblin. The hobgoblin completely misses you.
You hit the hobgoblin but do no damage. The hobgoblin hits you.
You die...

#.###.### #.#.._...
#########.#.#.###
..........#.#.##
#############.#....##
.....................
####...#####....#.##
#######.#.#####........
#...gg@......####).#.##
###....####..........#.#
###......#
#....###...#.#
#...#....# #....#
#...#.## #...#.####
#.###.# #.......
###...#.# #.# #.#
##..#.## #.......# #.
#.# ##.#.# #.......###.
####.# #...##
#..........# #....##
#.....


You could see 2 hobgoblins.

Vanquished Creatures
  2 giant geckos (D:1)
  3 bats (D:1)
  A goblin (D:1)
  A hobgoblin (D:1)
  A giant newt (D:1)
  A kobold (D:1)
  A rat (D:1)
10 creatures vanquished.

Notes
Turn   | Place    | Note
--------------------------------------------------------------
     0 | D:1      | Ratboiler the Naga Wanderer began the quest for the Orb.
     0 | D:1      | Ratboiler set off with: a book of Minor Magic, 2 potions of lignification, a +0 robe, a +0 club, a +0 dagger, a bread ration
     0 | D:1      | Reached XP level 1. HP: 18/18 MP: 4/4
   185 | D:1      | Reached XP level 2. HP: 26/26 MP: 6/6
   508 | D:1      | Found a shattered altar of Ashenzari.
   581 | D:1      | HP: 1/27 [hobgoblin (3)]
   583 | D:1      | Slain by a hobgoblin

Vault maps used:
D:1:      lordsloth_arrival_two_stooges, minivault_24, grunt_decor_cap,
          ashenzari_altar_1

Skill      XL: |  1 |
---------------+----+-----
Fighting       | 2 |  2.3
Maces & Flails | |  1.0
Armour         | |  1.0
Stealth        | |  3.0
Spellcasting   | |  3.0
Hexes          | |  2.0

Action                   || total
-------------------------++-------
Melee: Club              ||    35
 Fire: Hunting sling     ||    10
 Stab: Sleeping          ||     2
